Map: Magannatha LE

Players

KIRILL - Winner!

  • Race: Zerg Zerg
  • League: Gold
  • Spawn Location: 11:00

ManlyManMeat

  • Race: Protoss Protoss
  • League: Master
  • Spawn Location: 5:00

VOD

Have the link to the VOD?

Description

Time

  • Played on: June 13, 2025, 4:50 p.m.
  • Length: 15:24
Show
View Real Time Build Order
Export as new Build Order

KIRILL Zerg - Winner!

Build Orders: 3 Hatch before Pool 

Get SALT Encoding   

  12  0:01  Drone  
  13  0:08  Drone  
  14  0:18  Overlord  
  14  0:40  Hatchery  
  13  0:44  Drone  
  14  0:54  Drone x2  
  16  0:57  Drone  
  17  1:21  Hatchery  
  17  1:22  Drone  
  17  1:24  Drone  
  18  1:38  Spawning Pool  
  17  1:43  Drone  
  17  1:44  Drone  
  19  1:49  Drone  
  20  1:55  Drone  
  20  2:00  Drone  
  22  2:02  Drone  
  23  2:10  Drone  
  23  2:14  Drone  
  25  2:21  Overlord  
  25  2:28  Drone  
  26  2:36  Spine Crawler  
  25  2:39  Spine Crawler  
  25  2:40  Queen  
  25  2:41  Queen  
  25  2:44  Queen  
  28  2:46  Zergling x2  
  28  2:49  Zergling x2  
  32  2:52  Zergling x2  
  32  2:53  Zergling x2  
  32  2:57  Drone  
  32  2:58  Extractor, Drone  
  34  3:01  Drone  
  34  3:26  Drone  
  34  3:27  Drone x6  
  41  3:42  Overlord  
  41  3:43  Overlord x2  
  41  4:10  Drone  
  41  4:11  Drone x7  
  41  4:15  Extractor  
  48  4:17  Extractor  
  48  4:18  Hatchery  
  48  4:19  Lair  
  46  4:28  Hatchery  
  45  4:48  Drone  
  45  4:49  Drone x8  
  54  4:54  Spine Crawler  
  54  4:56  Spine Crawler x2  
  51  5:01  Spore Crawler  
  49  5:12  Spore Crawler  
  48  5:16  Spore Crawler  
  48  5:19  Zergling x2  
  48  5:20  Zergling x10  
  51  5:43  Drone  
  51  5:44  Drone x11  
  63  5:56  Hydralisk Den  
  62  6:00  Spire  
  62  6:02  Spore Crawler  
  62  6:03  Drone  
  61  6:06  Drone  
  61  6:07  Extractor  
  61  6:13  Drone x2  
  61  6:14  Drone x2  
  61  6:16  Extractor x2  
  61  6:17  Drone x3  
  58  6:53  Hydralisk  
  58  6:54  Hydralisk x8  
  58  6:57  Drone  
  58  6:58  Drone x4  
  58  6:59  Drone  
  77  7:06  Overlord x2  
  77  7:07  Overlord x2  
  75  7:18  Zergling x10  
  72  7:31  Zergling x22  
  72  7:32  Zergling x2  
  81  7:44  Zergling x8  
  81  7:45  Zergling x6  
  85  7:53  Zergling x2  
  85  7:54  Zergling x14  
  93  8:02  Drone  
  94  8:05  Spore Crawler  
  94  8:06  Spine Crawler  
  94  8:08  Spine Crawler  
  88  8:26  Hydralisk x7  
  88  8:27  Hydralisk x4  
  103  8:41  Hydralisk  
  103  8:44  Zergling x8  
  109  8:53  Zergling x4  
  109  8:57  Roach Warren  
  109  8:58  Overlord x3  
  108  9:25  Hatchery  
  107  9:37  Drone x3  
  110  9:47  Spine Crawler  
  110  9:48  Drone  
  110  9:53  Zergling x6  
  110  9:58  Metabolic Boost  
  106  10:07  Evolution Chamber  
  106  10:10  Evolution Chamber  
  106  10:12  Evolution Chamber  
  102  10:18  Drone  
  102  10:19  Drone  
  102  10:22  Spine Crawler  
  102  10:23  Spine Crawler  
  102  10:25  Spine Crawler  
  102  10:26  Drone, Spine Crawler  
  93  10:52  Roach  
  93  10:53  Roach x16  
  127  10:57  Drone  
  127  10:59  Drone  
  127  11:01  Overlord  
  122  11:18  Hatchery  
  121  11:19  Queen  
  121  11:23  Hatchery  
  120  11:31  Zerg Missile Weapons Level 1  
  120  11:32  Zerg Ground Armor Level 1  
  120  11:33  Zerg Melee Weapons Level 1  
  120  11:34  Zergling x2  
  120  11:35  Zergling x18  
  124  11:52  Zergling x2  
  124  11:53  Zergling x14  
  131  12:03  Hatchery  
  128  12:17  Hatchery  
  128  12:19  Hydralisk  
  128  12:21  Zergling x2  
  128  12:22  Overlord  
  130  12:23  Overlord x4  
  127  12:42  Hatchery  
  106  13:25  Zergling x6  
  106  13:26  Zergling x44  
  115  13:42  Zergling x2  
  115  13:58  Zergling x2  
  115  13:59  Zergling x22  
  115  14:00  Drone  
  124  14:10  Zergling x2  
  124  14:11  Zergling x8  
  109  14:24  Zergling x2  
  109  14:25  Zergling x12  
  114  14:32  Drone x3  
  117  14:42  Zergling x2  
  117  14:43  Zergling x8  
  122  14:46  Drone  
  122  14:48  Drone  
  124  14:55  Drone x2  
  124  14:56  Drone x2  
Show
View Real Time Build Order
Export as new Build Order

ManlyManMeat Protoss 

Build Orders: Phoenix Opening 

Get SALT Encoding   

  12  0:00  Probe  
  13  0:12  Probe  
  14  0:19  Pylon  
  14  0:24  Probe  
  15  0:35  Probe  
  15  0:39  Gateway  
  16  0:43  Probe  
  17  0:57  Assimilator  
  17  1:01  Probe  
  18  1:13  Probe  
  19  1:25  Probe, Gateway  
  20  1:29  Cybernetics Core  
  20  1:37  Probe  
  21  1:55  Nexus  
  21  2:00  Adept  
  21  2:05  Pylon  
  21  2:06  Warp Gate  
  23  2:23  Adept, Probe  
  26  2:35  Probe  
  27  2:39  Stalker  
  29  2:47  Probe  
  30  2:53  Pylon  
  30  2:56  Assimilator  
  30  3:04  Stalker  
  32  3:16  Stalker  
  34  3:26  Probe  
  32  3:30  Probe  
  32  3:34  Zealot, Probe  
  37  3:42  Probe  
  38  3:52  Shield Battery  
  38  3:53  Probe  
  38  3:54  Probe  
  40  3:59  Phoenix  
  40  4:00  Robotics Facility  
  40  4:04  Gateway  
  40  4:05  Probe, Gateway  
  40  4:06  Forge  
  41  4:12  Sentry  
  41  4:16  Zealot  
  45  4:30  Protoss Shields Level 1, Probe x2  
  47  4:42  Probe  
  47  4:43  Probe  
  49  4:46  Warp Prism  
  49  4:54  Probe  
  49  4:56  Probe  
  53  5:06  Probe  
  54  5:07  Gateway  
  54  5:27  Pylon  
  54  5:30  Pylon  
  54  5:32  Pylon  
  54  5:44  Robotics Facility  
  54  5:45  Immortal, Nexus, Probe  
  54  5:49  Gateway  
  59  6:09  Forge  
  59  6:16  Zealot x5  
  65  6:42  Zealot x5  
  73  6:50  Zealot  
  71  7:00  Probe x3  
  72  7:03  Assimilator  
  72  7:04  Zealot x5  
  72  7:06  Assimilator  
  76  7:11  Immortal  
  76  7:12  Probe x3  
  79  7:18  Phoenix  
  81  7:24  Probe  
  81  7:26  Pylon  
  81  7:27  Probe x2  
  81  7:28  Pylon  
  81  7:29  Zealot x3  
  88  7:36  Probe  
  85  7:39  Probe  
  82  7:49  Probe x2  
  79  7:51  Probe  
  79  8:01  Probe  
  78  8:08  Probe x2  
  80  8:13  Probe  
  81  8:36  Zealot  
  81  8:37  Zealot x5  
  81  8:44  Immortal  
  74  8:57  Zealot x5, Pylon  
  74  8:58  Zealot  
  82  9:03  Protoss Ground Armor Level 1  
  61  9:19  Zealot x4  
  61  9:20  Zealot, Pylon  
  61  9:24  Immortal  
  75  9:25  Immortal  
  79  9:32  Pylon  
  79  9:34  Twilight Council  
  79  9:39  Zealot x2  
  79  9:40  Zealot x4  
  91  9:47  Protoss Ground Weapons Level 1  
  86  10:05  Zealot x6  
  88  10:18  Immortal  
  88  10:19  Immortal  
  94  10:24  Pylon  
  91  10:41  Nexus  
  83  10:49  Zealot x4  
  91  10:50  Zealot  
  93  11:06  Immortal  
  93  11:07  Immortal  
  93  11:13  Nexus  
  83  11:23  Pylon  
  75  11:28  Probe x2  
  75  11:53  Immortal  
  75  11:54  Immortal  
  75  12:02  Probe x3  
  75  12:08  Protoss Ground Armor Level 2, Zealot x2  
  78  12:11  Protoss Ground Weapons Level 2  
  78  12:14  Probe  
  79  12:28  Zealot x2  
  83  12:32  Warp Prism  
  85  12:41  Probe  
  82  12:48  Immortal  
  86  12:53  Probe  
  86  12:57  Zealot x3  
  89  12:59  Probe  
  90  13:08  Immortal  
  86  13:25  Templar Archives  
  86  13:26  Pylon  
  84  13:29  Immortal  
  84  13:48  Immortal  
  86  13:57  Zealot x3  
  86  13:58  Zealot x3  
  83  14:09  Immortal  
  60  14:27  Immortal  
  60  14:29  Zealot x3  
  60  14:30  Zealot  
  70  14:31  High Templar  
  72  14:45  Immortal  
  63  14:53  High Templar  
  63  14:57  Archon  
  65  15:01  Zealot x4  
  65  15:05  Zealot  
Tags
 
Add a new tag
Caveats
  • Supply blocks, unpowered buildings, or Contaminate may cause inaccurate times.
  • Supply counts are checked every 10 seconds.